 Dungeon Crawl Stone Soup version 0.32-a0-799-g95e1662365 (webtiles) character file.

Game seed: 991632256140785396

482 GloriousHammer the Spear-Bearer (level 7, 0/50 HPs)
             Began as a Merfolk Gladiator on Mar 22, 2024.
             Slain by Duvessa
             ... wielding a +0 short sword
              (7 damage)
             ... on level 4 of the Dungeon.
             The game lasted 00:10:52 (3583 turns).

GloriousHammer the Spear-Bearer (Merfolk Gladiator) Turns: 3583, Time: 00:10:52

Health: 0/50       AC:  6    Str: 17    XL:     7   Next: 12%
Magic:  7/7        EV: 11    Int:  7    God:
Gold:   166        SH:  0    Dex: 15    Spells: 6/6 levels left

rFire   . . .        a - +0 trident
rCold   . . .        (no shield)
rNeg    + . .        i - +0 ring mail {rN+}
rPois   .            c - +0 helmet
rElec   .            (no cloak)
rCorr   .            (no gloves)
SInv    .            (no boots)
Will    .....        (no amulet)
Stlth   +            (no ring)
HPRegen 0.28/turn    (no ring)
MPRegen 0.10/turn

%: no passive effects
@: no status effects
A: (nimble swimmer 2), mertail
a: no special abilities


You were on level 4 of the Dungeon.
You visited 1 branch of the dungeon, and saw 4 of its levels.

You collected 166 gold pieces.

Inventory:

Hand Weapons
 a - a +0 trident (weapon)
 m - a +0 sling
Missiles
 b - 2 boomerangs
 d - 2 throwing nets
 e - a javelin
 q - 4 poisoned darts (quivered)
Armour
 c - a +0 helmet (worn)
 i - a +0 ring mail of positive energy (worn)
Wands
 o - a wand of flame (7)
Scrolls
 f - 3 scrolls of identify {unknown}
 k - 3 scrolls of revelation {unknown}
 l - a scroll of vulnerability {unknown}
Potions
 g - a potion of haste {unknown}
 h - a potion of enlightenment {unknown}
 j - a potion of cancellation
 n - a potion of brilliance {unknown}
 p - a potion of lignification {unknown}


   Skills:
 - Level 2.1 Fighting
 + Level 10.3 Polearms
 - Level 2.0 Throwing
 - Level 4.0 Dodging


You had 6 spell levels left.
You didn't know any spells.
Your spell library contained the following spells:

 Spells                   Type           Power      Damage    Failure   Level
 Blink                    Tloc           0%         N/A       78%         2
 Lesser Beckoning         Tloc           0%         N/A       78%         2
 Momentum Strike          Conj/Tloc      0%         3d8       78%         2


Dungeon Overview and Level Annotations

Branches:
Dungeon (4/15)
 Temple: D:4-7

Altars:
Elyvilon

Annotations:
D:3 exclusion: downstairs
D:4 Duvessa


Innate Abilities, Weirdness & Mutations

((You are very nimble when in or above water. (Stealth+, EV+, Speed+++)))
Your lower body shifts to a powerful aquatic tail in water.


Message History

The iguana is heavily wounded.
The iguana completely misses you.
You barely miss the iguana.
The iguana is heavily wounded.
The iguana bites you.
You hit the iguana.
The iguana is severely wounded.
The iguana bites you.
You puncture the iguana!
You kill the iguana!
You feel your dexterity returning.
Your Polearms skill increases to level 10!
You see here an iguana corpse.
q - 4 poisoned darts (gained 2) Dowan and a dart slug come into view.
Dowan shouts!
Duvessa, Sister of Dowan comes into view.
She is wielding a +0 short sword and wearing a +1 leather armour of poison resistance.
You reach to attack!
You hit Dowan but do no damage. You closely miss Dowan.
Dowan hits you but does no damage.
You barely miss Dowan. Dowan barely misses you.
You hit Dowan.
Dowan is lightly wounded.
Dowan hits you but does no damage.
You barely miss Dowan.
Dowan is lightly wounded.
You miss Dowan.
Dowan is lightly wounded.
Dowan hits you but does no damage.
You hit Dowan.
Dowan is moderately wounded.
Dowan gestures at you while chanting. The puff of flame hits you.
You hit Dowan but do no damage.
Dowan is moderately wounded.
Dowan casts a spell at you. You resist with some effort.
You hit Dowan.
Dowan is moderately wounded.
Dowan hits you with a +0 dagger.
You hit Dowan but do no damage.
Dowan is moderately wounded.
You hit Dowan.
Dowan is heavily wounded.
Dowan hits you but does no damage.
You barely miss Dowan.
Dowan is heavily wounded.
Dowan closely misses you.
You puncture Dowan!
Dowan is almost dead.
The dart slug launches a dart at you. The slug dart misses you.
Dowan gestures wildly while chanting.
Dowan blinks!
The dart slug launches a dart at you. The slug dart misses you.
You hit the dart slug.
The dart slug is heavily wounded.
The dart slug launches a dart at you. The slug dart hits you.
Dowan gestures wildly while chanting.
Dowan blinks!
The dart slug attacks as it pursues you!
The dart slug barely misses you.
You puncture the dart slug!
You kill the dart slug!
Dowan hits you but does no damage.
You miss Dowan.
Dowan is almost dead.
Dowan hits you with a +0 dagger.
You puncture Dowan!
You kill Dowan!
You hear a distant scream of rage.
You have reached level 7!
You start resting.
HP restored.
Things that are here:
a +0 dagger; a +0 robe; the elf corpse of Dowan
Things that are here:
a +0 dagger; a +0 robe; the elf corpse of Dowan
Found a mace.
You now have 166 gold pieces (gained 15).
Found a stone staircase leading down.
Duvessa shouts!
Duvessa goes berserk!
Duvessa barely misses you.
You hit Duvessa but do no damage. Duvessa hits you with a +0 short sword!
You hit Duvessa.
Duvessa is lightly wounded.
Duvessa hits you with a +0 short sword!
Unknown command.
Okay, then.
You puncture Duvessa!
Duvessa is lightly wounded.
Duvessa misses you.
You barely miss Duvessa.
Duvessa is lightly wounded.
Duvessa hits you with a +0 short sword!
* * * LOW HITPOINT WARNING * * *
It was a potion of cancellation.
You feel magically purged. Duvessa barely misses you.
Duvessa hits you with a +0 short sword!
You die...

......... .#.#####.##
#####...# ....#.....#
#...# #.#.#.#.#.#
#.#.# # #.#.#.#.#.#
####...# #.#.>.....#.#
#..)...# .....#.#.#.#
#.##...#
#.##..#.#.#.###†##...#
#....@......##.......#
####e###...#......##.#
#. #.#......#.##.# ..
#...#.......... ###
##.##...##.#..#
#.##.........#
#.##......#.##
#.#########.# #.# #.#


You could see Duvessa (berserk).

Vanquished Creatures
  Eustachio (D:4)
  A phantom (D:4)
  Dowan (D:4)
  A hound (D:4)
  A bombardier beetle (D:3)
  2 iguanas
  4 adders
  A gnoll (D:1)
  2 dart slugs
  2 ribbon worms (D:3)
  5 orcs
  7 endoplasms
  A giant cockroach (D:3)
  2 goblins
  8 hobgoblins
  6 jackals (D:1)
  3 ball pythons
  3 bats
  6 frilled lizards
  4 kobolds
61 creatures vanquished.

Notes
Turn   | Place    | Note
-------+----------+-------------------------------------------
     0 | D:1      | GloriousHammer the Merfolk Gladiator began the quest for
                  | the Orb.
     0 | D:1      | Reached XP level 1. HP: 16/16 MP: 1/1
   226 | D:1      | Reached XP level 2. HP: 12/22 MP: 2/2
   420 | D:1      | Reached skill level 5 in Polearms
  1112 | D:1      | Reached XP level 3. HP: 27/27 MP: 3/3
  1343 | D:2      | Reached skill level 6 in Polearms
  1595 | D:3      | Reached XP level 4. HP: 33/33 MP: 4/4
  1731 | D:3      | Reached skill level 7 in Polearms
  1968 | D:3      | Reached XP level 5. HP: 14/38 MP: 5/5
  2758 | D:4      | Noticed a phantom
  2778 | D:4      | Killed a phantom
  2779 | D:4      | Reached skill level 8 in Polearms
  2779 | D:4      | Reached XP level 6. HP: 19/44 MP: 6/6
  2894 | D:4      | Noticed Eustachio
  3070 | D:4      | Reached skill level 9 in Polearms
  3117 | D:4      | Killed Eustachio
  3290 | D:4      | Found a white marble altar of Elyvilon.
  3367 | D:4      | Reached skill level 10 in Polearms
  3409 | D:4      | Noticed Dowan
  3410 | D:4      | Noticed Duvessa
  3441 | D:4      | Killed Dowan
  3442 | D:4      | Reached XP level 7. HP: 37/50 MP: 7/7
  3583 | D:4      | Slain by Duvessa

Illustrated notes

Levels and vault maps discovered:
D:1:      dpeg_arrival_orchard, layout_basic
D:2:      layout_rooms
D:3:      layout_rooms, serial_aquarium, aquarium_bridge_straight
          [aquarium_subvault_bridge, aquarium_subvault_wall,
          aquarium_subvault_bridge, aquarium_subvault_window],
          aquarium_window_3, aquarium_window_1, aquarium_view_2e,
          aquarium_balcony_5a, aquarium_pool_2
D:4:      layout_loops_cross, elyvilon_altar_3, uniq_duvessa, uniq_eustachio

Skill      XL: |  1  2  3  4  5  6 |
---------------+-------------------+-----
Polearms       | 5 6 7 8 10 | 10.3
Fighting       | |  2.1
Throwing       | |  2.0
Dodging        | |  4.0

Action                     |  1- 3 |  4- 6 |  7- 9 || total
---------------------------+-------+-------+-------++-------
  Melee: Trident           |    96 |   194 |     4 ||   294
  Throw: Throwing net      |       |     1 |       ||     1
         Boomerang         |       |     3 |       ||     3
         Dart              |       |     2 |       ||     2
    Use: Scroll            |       |     1 |       ||     1
         Potion            |       |       |     1 ||     1
   Stab: Held in net/web   |       |     2 |       ||     2
 Armour: Leather armour    |    45 |       |       ||    45
         Ring mail         |     1 |   126 |     4 ||   131
  Dodge: Dodged            |    61 |   108 |     3 ||   172

Table legend: (Time is in decaauts)
 A = Elapsed time spent in this place.
 B = Non-inter-level travel time spent in this place.
 C = Inter-level travel time spent in this place.
 D = Time resting spent in this place.
 E = Time spent auto-exploring this place.
 F = Levels seen in this place.
 G = Mean time per level.
                   A        B        C        D        E       F      G
               +--------+--------+--------+--------+--------+-----+--------+
         Total |   3565 |   3465 |    100 |    789 |   1921 |   4 |  891.2 |
       Dungeon |   3565 |   3465 |    100 |    789 |   1921 |   4 |  891.2 |
               +--------+--------+--------+--------+--------+-----+--------+

Top non-repeatable levels by time:
     D:1: 1227 daAuts
     D:3: 855 daAuts
     D:2: 743 daAuts
     D:4: 739 daAuts
